 Dungeon Crawl Stone Soup version 0.27.1-1-g398f81649c (webtiles) character file.

Game seed: 17422927828373466364

13200 oldmanjim the Severer (level 11, -4/99 HPs)
             Began as a Minotaur Berserker on Sept 11, 2021.
             Was a High Priest of Trog.
             Slain by a seven-headed hydra (8 damage)
             ... on level 1 of the Lair of Beasts on Sept 12, 2021.
             The game lasted 00:51:27 (9255 turns).

oldmanjim the Severer (Minotaur Berserker)          Turns: 9255, Time: 00:51:29

Health: -4/99      AC: 20    Str: 26    XL:     11   Next: 72%
Magic:  19/19      EV: 11    Int:  5    God:    Trog [*****.]
Gold:   1260       SH:  0    Dex: 11    Spells: 10/10 levels left

rFire    . . .     SeeInvis .   K - +2 glaive (venom)
rCold    . . .     Faith    .   (shield currently unavailable)
rNeg     . . .     Spirit   .   B - +3 plate armour {Will+}
rPois    +         Reflect  .   (helmet restricted)
rElec    .         Harm     .   h - scarf {shadows}
rCorr    .         Rampage  .   (no gloves)
Will     +....                  k - +2 pair of boots
Stlth    ..........             c - amulet of regeneration
HPRegen  1.26/turn              N - ring of the Octopus King {MP+9 AC+1 EV+1 Str+1 Int+1 Dex+1}
MPRegen  0.16/turn              D - ring of poison resistance

@: mighty
A: horns 2, retaliatory headbutt
a: Renounce Religion, Berserk, Trog's Hand, Brothers in Arms


You were on level 1 of the Lair of Beasts.
You worshipped Trog.
Trog was extremely pleased with you.
You visited 3 branches of the dungeon, and saw 12 of its levels.
You also visited: Bailey.

You collected 1260 gold pieces.

Inventory:

Hand Weapons
 a - a +1 hand axe
 y - a +6 spear of freezing
 J - a +0 war axe
 K - a +2 glaive of venom (weapon)
Missiles
 e - 132 arrows
 i - 40 poisoned darts (quivered)
 l - 11 javelins
 n - 203 stones
 t - 2 boomerangs
 w - 8 silver javelins
 x - 36 bolts
 E - 41 sling bullets
 I - a curare-tipped dart
Armour
 h - a scarf of shadows (worn)
 k - a +2 pair of boots (worn)
 B - a +3 plate armour of willpower (worn)
Jewellery
 c - an amulet of regeneration (around neck)
 d - a ring of protection from fire
 j - a ring of see invisible
 D - a ring of poison resistance (right hand)
 N - a ring of the Octopus King (left hand) {MP+9 AC+1 EV+1 Str+1 Int+1 Dex+1}
   (You found it on level 10 of the Dungeon)

   [ring of magical power]

   AC:        It affects your AC (+1).
   EV:        It affects your evasion (+1).
   Str:       It affects your strength (+1).
   Int:       It affects your intelligence (+1).
   Dex:       It affects your dexterity (+1).
   MP:        It affects your magic capacity (+9).
Wands
 v - a wand of flame (60)
 F - a wand of iceblast (8)
 G - a wand of polymorph (9)
 L - a wand of mindburst (13)
Scrolls
 b - 3 scrolls of teleportation
 m - 2 scrolls of fog
 p - a scroll of brand weapon {unknown}
 q - 3 scrolls of enchant weapon
 M - a scroll of summoning {unknown}
 O - a scroll of identify
Potions
 f - a potion of invisibility
 g - a potion of lignification
 o - 2 potions of flight
 r - 3 potions of magic
 s - 4 potions of cancellation
 u - 7 potions of curing
 z - 2 potions of haste
 A - a potion of berserk rage
 C - a potion of ambrosia {unknown}
 H - a potion of might


   Skills:
 - Level 10.0 Fighting
 + Level 15.7 Axes
 - Level 0.5 Throwing
 - Level 8.0 Armour
 + Level 7.9 Dodging
 - Level 1.6 Stealth
 + Level 4.0 Evocations


You had 10 spell levels left.
You didn't know any spells.
Your spell library was empty.

Dungeon Overview and Level Annotations

Branches:
Dungeon (10/15)            Temple (1/1) D:7            Lair (1/6) D:9
    Orc (0/2) D:10         Bailey (visited)

Altars:
Ashenzari
Cheibriados
Dithmenos
Elyvilon
Fedhas
Gozag
Hepliaklqana
Kikubaaqudgha
Makhleb
Nemelex Xobeh
Okawaru
Qazlal
Ru
Sif Muna
Trog
Uskayaw
Vehumet
Wu Jian
Xom
Yredelemnul
Zin
The Shining One

Shops:
D:4 [

Annotations:
D:3 1 runed translucent door, exclusion: door, Crazy Yiuf
Lair:1 Nergalle


Innate Abilities, Weirdness & Mutations

You have a pair of horns on your head.
You reflexively headbutt those who attack you in melee.


Message History

Nergalle is heavily wounded.
Nergalle hits you but does no damage. The spectral orc closely misses you.
The seven-headed hydra barely misses you.
The seven-headed hydra bites you.
The seven-headed hydra completely misses you.
The seven-headed hydra bites you but does no damage.
The seven-headed hydra bites you! The seven-headed hydra bites you.
The seven-headed hydra bites you but does no damage.
The spectral orc knight hits you but does no damage.
You hit Nergalle but do no damage.
Nergalle looks as sick as possible!
Nergalle is heavily wounded.
Nergalle drinks a potion.
Nergalle seems to speed up.
The spectral orc hits you with a +4 falchion.
The seven-headed hydra completely misses you.
You furiously retaliate!
You headbutt the seven-headed hydra, but do no damage.
The seven-headed hydra bites you!
* * * LOW HITPOINT WARNING * * *
The seven-headed hydra bites you but does no damage.
The seven-headed hydra bites you!
* * * LOW HITPOINT WARNING * * *
The seven-headed hydra bites you but does no damage. x2
The seven-headed hydra bites you.
* * * LOW HITPOINT WARNING * * *
The spectral orc knight hits you but does no damage.
Okay, then.
You feel very mighty all of a sudden. Nergalle hits you with a +0 dagger.
* * * LOW HITPOINT WARNING * * *
The spectral orc hits you but does no damage.
Nergalle gestures at you while chanting.
Orcish apparitions take form around you.
The seven-headed hydra closely misses you.
The seven-headed hydra bites you but does no damage.
The seven-headed hydra misses you. The seven-headed hydra bites you!
* * * LOW HITPOINT WARNING * * *
The seven-headed hydra bites you but does no damage.
The seven-headed hydra barely misses you.
The seven-headed hydra bites you!
You die...

......##
.......####
.#........
.....(... ...Z...#
#.oD.## #@Z.#
##Z.## ... ## #...#
....... ##..##
..^.#.# ##..##
......# #####...#
......#####.#...###
.......#.#.^...##
..............##


You could see a seven-headed hydra, Nergalle (fast, extremely poisoned), a
spectral orc (summoned), a spectral orc warrior (summoned) and a spectral orc
knight (summoned).

Vanquished Creatures
  The ghost of pkoi the Grappler, a journeyman TrGl of Fedhas (D:10)
  Erica (D:8)
  2 two-headed ogres (D:8)
  An orc knight (Bailey)
  A cyclops (D:7)
  Maggie (D:8)
  An unseen horror (D:10)
  2 kobold demonologists (D:10)
  A troll (D:6)
  Grinder (D:3)
  15 yaks
  A vampire (D:8)
  2 wyverns
  A basilisk (D:9)
  Grum (D:8)
  An acid dragon (D:10)
  3 water moccasins
  Duvessa (D:6)
  9 orc warriors
  4 black bears
  An ice beast (D:4)
  4 wolves (D:8)
  An ogre (D:5)
  2 centaurs (D:8)
  2 phantoms
  4 kobold brigands
  5 bullfrogs
  Dowan (D:6)
  A gnoll sergeant (D:8)
  A scorpion (D:6)
  A water moccasin zombie (D:5)
  A wyvern skeleton (D:7)
  10 killer bees
  5 spriggan skeletons (D:10)
  7 wights
  A troll skeleton (D:10)
  A howler monkey (D:7)
  A crimson imp (D:8)
  A centaur zombie (D:9)
  A bullfrog skeleton (D:6)
  A bullfrog zombie (D:6)
  2 jellies
  An orc priest (D:6)
  A gnoll shaman (D:7)
  3 hounds
  2 centaur skeletons
  4 iguanas
  5 orc wizards
  2 howler monkey zombies (D:8)
  6 adders
  14 gnolls
  A white imp (D:7)
  3 ufetubi
  A worm (D:2)
  4 dart slugs
  31 orcs
  7 ball pythons
  4 endoplasms
  2 giant cockroaches
  13 goblins
  6 hobgoblins
  5 quokkas
  7 bats
  4 frilled lizards
  29 kobolds
  10 rats
269 creatures vanquished.

Vanquished Creatures (others)
  2 plants (D:7)
2 creatures vanquished.

Grand Total: 271 creatures vanquished

Notes
Turn   | Place    | Note
-------+----------+-------------------------------------------
     0 | D:1      | oldmanjim the Minotaur Berserker began the quest for the
                  | Orb.
     0 | D:1      | Reached XP level 1. HP: 19/19 MP: 0/0
   214 | D:1      | Reached XP level 2. HP: 27/27 MP: 1/1
   233 | D:1      | Reached skill level 4 in Axes
   659 | D:2      | Reached ** piety under Trog
   707 | D:2      | Reached XP level 3. HP: 28/33 MP: 2/2
  1221 | D:3      | Reached skill level 5 in Axes
  1273 | D:3      | Found a snail-covered altar of Cheibriados.
  1354 | D:3      | Noticed Grinder
  1363 | D:3      | Killed Grinder
  1364 | D:3      | Reached skill level 6 in Axes
  1364 | D:3      | Reached skill level 1 in Stealth
  1364 | D:3      | Reached XP level 4. HP: 40/40 MP: 3/3
  1364 | D:3      | Reached XP level 5. HP: 46/46 MP: 4/4
  1481 | D:3      | Found a faded altar of an unknown god.
  1516 | D:3      | Reached XP level 6. HP: 52/52 MP: 5/5
  1878 | D:3      | Found a runed translucent door.
  1879 | D:3      | Noticed Crazy Yiuf
  1957 | D:4      | Reached skill level 7 in Axes
  1960 | D:4      | Noticed an ice beast
  1979 | D:4      | Killed an ice beast
  2477 | D:4      | Found Diusok's Antique Armour Shoppe.
  2709 | D:5      | Entered Level 5 of the Dungeon
  2780 | D:5      | Reached XP level 7. HP: 59/59 MP: 6/6
  2795 | D:5      | Reached skill level 8 in Axes
  2854 | D:5      | Found a large runed translucent door.
  2858 | D:5      | Found a large runed translucent door.
  2871 | D:5      | Reached skill level 5 in Armour
  2880 | D:5      | Reached skill level 5 in Dodging
  3113 | D:5      | Reached skill level 5 in Fighting
  3113 | D:5      | Reached XP level 8. HP: 68/68 MP: 7/7
  3319 | D:5      | Found a sparkling altar of Nemelex Xobeh.
  3324 | D:5      | Reached skill level 9 in Axes
  3327 | D:5      | Found a sacrificial altar of Ru.
  3420 | D:6      | Reached *** piety under Trog
  3773 | D:6      | Reached skill level 10 in Axes
  4045 | D:6      | Noticed Duvessa
  4047 | D:6      | Noticed Dowan
  4054 | D:6      | Killed Duvessa
  4059 | D:6      | Killed Dowan
  4612 | D:7      | Noticed a cyclops
  4747 | D:7      | Reached XP level 9. HP: 75/75 MP: 8/8
  4803 | D:7      | Noticed a troll
  4818 | D:6      | Killed a troll
  4819 | D:6      | Reached skill level 11 in Axes
  4956 | D:7      | Killed a cyclops
  4957 | D:7      | Reached skill level 12 in Axes
  4997 | D:7      | Found an ancient bone altar of Kikubaaqudgha.
  5007 | D:7      | Found a radiant altar of Vehumet.
  5080 | D:7      | Found a shimmering blue altar of Sif Muna.
  5357 | D:7      | Found a staircase to the Ecumenical Temple.
  5372 | Temple   | Entered the Ecumenical Temple
  5708 | D:8      | Noticed a two-headed ogre
  5721 | D:8      | Killed a two-headed ogre
  5722 | D:8      | Reached skill level 13 in Axes
  5741 | D:7      | Reached XP level 10. HP: 54/88 MP: 9/9
  5816 | D:8      | Noticed Maggie
  5832 | D:8      | Killed Maggie
  5874 | D:8      | Noticed Erica
  5883 | D:8      | Killed Erica
  6137 | D:8      | Noticed Grum
  6147 | D:8      | Killed Grum
  6147 | D:8      | Reached **** piety under Trog
  6148 | D:8      | Reached skill level 14 in Axes
  6428 | D:8      | Found a burning altar of Makhleb.
  6566 | D:9      | Found a flagged portal.
  6572 | Bailey   | Entered a bailey
  6592 | Bailey   | Noticed an orc knight
  6609 | Bailey   | Killed an orc knight
  7125 | D:9      | Reached XP level 11. HP: 64/99 MP: 10/10
  7195 | D:9      | Noticed a two-headed ogre
  7232 | D:8      | Killed a two-headed ogre
  7233 | D:8      | Reached skill level 10 in Fighting
  7233 | D:8      | Reached skill level 15 in Axes
  7323 | D:9      | Reached skill level 1 in Evocations
  7382 | D:9      | Found a staircase to the Lair.
  7766 | D:9      | Found a shimmering altar of Xom.
  7806 | D:10     | Entered Level 10 of the Dungeon
  7864 | D:10     | Reached ***** piety under Trog
  8231 | D:10     | Found a staircase to the Orcish Mines.
  8657 | D:10     | Found a runed translucent door.
  8659 | D:10     | Noticed pkoi's ghost (journeyman TrGl)
  8659 | D:10     | Found the ring of the Octopus King
  8844 | D:10     | Killed pkoi's ghost
  8891 | D:10     | Identified a ring of the Octopus King {MP+9 AC+1 EV+1 Str+1
                  | Int+1 Dex+1}
  9005 | Lair:1   | Entered Level 1 of the Lair of Beasts
  9243 | Lair:1   | Noticed Nergalle
  9247 | Lair:1   | Noticed a seven-headed hydra
  9255 | Lair:1   | HP: 4/99 [seven-headed hydra (9)]
  9255 | Lair:1   | Slain by a seven-headed hydra

Illustrated notes

Levels and vault maps discovered:
D:1:      lemuel_arrival_broad_hall, layout_basic
D:2:      layout_basic, serial_glass, glass_columns_b, glass_columns_a,
          supply_closet_lemuel, grunt_ministairs_13, kennysheep_generic_room_4
D:3:      layout_basic, cheibrodos_worm_habitat,
          dreamdust_ecumenical_altar_statues, kennysheep_minor_cross,
          grunt_decor_junction, uniq_crazy_yiuf_cottage, uniq_grinder
D:4:      layout_basic, serial_shops, shop
D:5:      layout_rooms, jmf_multi_god_temple2
D:6:      layout_basic, serial_corexii_hall, corexii_hall_statues_s,
          corexii_hall_statues_u, interstate_on_off, uniq_duvessa
D:7:      layout_basic, grunt_temple_overflow_magic_moments, temple_hall,
          serial_bayou_pond_a
D:8:      layout_loops_ring, makhleb_grotto_becter, uniq_maggie, uniq_erica,
          uniq_grum
D:9:      layout_cave_pools, tgw_xom, david_lair_generic, enter_bailey_3
D:10:     layout_grid_maze, david_orc_2, gammafunk_ghost_grave,
          hangedman_tell_no_tales
Temple:   eino_temple_water
Lair:1:   layout_layer_cave, uniq_nergalle

Skill      XL: |  1  2  3  4  5  6  7  8  9 10 11 |
---------------+----------------------------------+-----
Fighting       | 4 5 7 8 9 10 | 10.0
Axes           | 4 6 7 8 10 13 14 15 | 15.7
Dodging        | 3 4 5 6 7 |  7.9
Stealth        | 1 |  1.6
Armour         | 3 5 8 |  8.0
Evocations     | 4 |  4.0
Throwing       | |  0.5

Action                   |  1- 3 |  4- 6 |  7- 9 | 10-12 || total
-------------------------+-------+-------+-------+-------++-------
Melee: Hand axe          |    89 |    81 |   158 |       ||   328
       Headbutt          |     8 |    12 |    57 |    72 ||   149
       Spear             |       |       |    79 |   254 ||   333
       Glaive            |       |       |       |   170 ||   170
Throw: Dart              |       |     4 |    24 |    27 ||    55
       Javelin           |       |     2 |     4 |       ||     6
       Stone             |       |       |       |    24 ||    24
Invok: Berserk           |     1 |     1 |     1 |     2 ||     5
       Trog's Hand       |       |       |     2 |     2 ||     4
  Use: Scroll            |       |     8 |     5 |     5 ||    18
       Potion            |       |       |       |     3 ||     3
 Stab: Sleeping          |     1 |       |       |       ||     1
Armor: Animal skin       |    11 |       |       |       ||    11
       Leather armour    |    11 |       |       |       ||    11
       Plate armour      |     4 |    39 |   112 |   232 ||   387
Dodge: Dodged            |    55 |    37 |    64 |   212 ||   368
